 Dungeon Crawl Stone Soup version 0.31-a0-833-gc15d34cb79 (webtiles) character file.

Game seed: 13859254957637080803

7 Kurtz the Shield-Bearer (level 2, 0/21 HPs)
             Began as an Octopode Fighter on Sept 25, 2023.
             Slain by a kobold
             ... wielding a +0 club
              (4 damage)
             ... on level 2 of the Dungeon.
             The game lasted 00:00:19 (624 turns).

Kurtz the Shield-Bearer (Octopode Fighter)           Turns: 624, Time: 00:00:20

Health: 0/21       AC:  1    Str: 15    XL:     2   Next: 4%
Magic:  2/2        EV: 13    Int: 10    God:
Gold:   24         SH:  4    Dex: 11    Spells: 1/1 levels left

rFire   . . .        a - +0 war axe
rCold   . . .        b - +0 buckler
rNeg    . . .        (helmet restricted)
rPois   .            (no amulet)
rElec   .            (no ring)
rCorr   .            (no ring)
SInv    .            (no ring)
Will    .....        (no ring)
Stlth   ++           (no ring)
HPRegen 0.23/turn    (no ring)
MPRegen 0.08/turn    (no ring)
                     (no ring)

%: no passive effects
@: lethally poisoned (0 -> -3)
A: almost no armour, amphibious, 8 rings, camouflage 1, gelatinous body 1,
(nimble swimmer 1), tentacles
a: no special abilities


You were on level 2 of the Dungeon.
You visited 1 branch of the dungeon, and saw 2 of its levels.

You collected 24 gold pieces.

Inventory:

Hand Weapons
 a - a +0 war axe (weapon)
Armour
 b - a +0 buckler (worn)
Scrolls
 d - 2 scrolls of teleportation {unknown}
 g - a scroll of amnesia {unknown}
 h - a scroll of identify {unknown}
Potions
 c - a potion of might
 e - a potion of enlightenment {unknown}
 f - a potion of heal wounds {unknown}
 i - a potion of lignification {unknown}
 j - a potion of attraction {unknown}


   Skills:
 - Level 3.0 Fighting
 * Level 2.7 Axes
 - Level 3.0 Dodging
 - Level 3.0 Shields


You had one spell level left.
You didn't know any spells.
Your spell library was empty.

Dungeon Overview and Level Annotations

Branches:
Dungeon (2/15)

Altars:

Shops:
D:1 ?


Innate Abilities, Weirdness & Mutations

You cannot wear most types of armour.
You are amphibious.
You can wear up to eight rings at the same time.
Your skin changes colour to match your surroundings (Stealth+).
Your rubbery body absorbs attacks. (AC +1, EV +1)
((You are camouflaged when in or above water. (Stealth+)))
You have tentacles for arms and can constrict up to eight enemies at once.


Message History

The ball python hisses angrily.
The adder hisses angrily.
The adder bites you.
You are poisoned.
The adder poisons you!
There are monsters nearby!
You barely miss the adder. Your grab misses the adder.
You barely miss the ball python.
You feel very sick. The adder bites you but does no damage.
The ball python closely misses you. The ball python barely misses you.
The adder barely misses you. The ball python barely misses you.
The ball python completely misses you.
There are monsters nearby!
You miss the adder. You grab the adder. You hit the ball python.
You kill the ball python!
You constrict the adder.
You feel sick. The adder bites you.
You are lethally poisoned!
The adder poisons you! The adder completely misses you.
You have reached level 2!
You are too injured to fight recklessly!
You are too injured to fight recklessly!
You hit the adder.
The adder is moderately wounded.
You closely miss the kobold. You constrict the adder.
* * * LOW HITPOINT WARNING * * *
You feel sick. The adder misses you. The kobold closely misses you.
The adder barely misses you. The kobold hits you but does no damage.
Unknown command.
You barely miss the adder. Your squeeze misses the adder.
The adder is severely wounded.
You barely miss the kobold. You constrict the adder.
* * * LOW HITPOINT WARNING * * *
You feel sick. The adder barely misses you. The kobold closely misses you.
Unknown command.
You hit the kobold. Your grab misses the kobold.
The kobold is heavily wounded.
You hit the adder.
You kill the adder!
* * * LOW HITPOINT WARNING * * *
You feel sick. The kobold hits you with a +0 club.
You die...

#.... ..# #####..# #.#
#.# ..##..####.# #.#
#.#.....##.# #.#
##.#...#.##.# #.# #
.......#.##.####.###.#
............##......#
##.#####.#####.#.#.#
...# #........@†#
...>...#######.#K##
######. #.##.# #.. ...
######.. #.# .# .


You could see a kobold.

Vanquished Creatures
  An adder (D:2)
  A ball python (D:2)
  2 endoplasms
  A kobold (D:1)
  A quokka (D:1)
  A frilled lizard (D:1)
7 creatures vanquished.

Notes
Turn   | Place    | Note
-------+----------+-------------------------------------------
     0 | D:1      | Kurtz the Octopode Fighter began the quest for the Orb.
     0 | D:1      | Reached XP level 1. HP: 16/16 MP: 1/1
   233 | D:1      | Found Dypoawko's Magic Scroll Shop.
   622 | D:2      | Reached XP level 2. HP: 8/21 MP: 2/2
   624 | D:2      | Slain by a kobold

Illustrated notes

Levels and vault maps discovered:
D:1:      ebering_trefoil_twist, layout_basic, serial_shops,
          nicolae_diamond_shop
D:2:      layout_loops_cross, kennysheep_generic_room_12, uniq_jessica,
          uniq_robin

Action                     || total
---------------------------++-------
  Melee: War axe           ||    17
         Constrict         ||     2
         Tentacles         ||     1
   Stab: Sleeping          ||     3
 Armour: Skin              ||     7
  Dodge: Dodged            ||    16
  Block: Buckler           ||     2

Table legend: (Time is in decaauts)
 A = Elapsed time spent in this place.
 B = Non-inter-level travel time spent in this place.
 C = Inter-level travel time spent in this place.
 D = Time resting spent in this place.
 E = Time spent auto-exploring this place.
 F = Levels seen in this place.
 G = Mean time per level.
                   A        B        C        D        E       F      G
               +--------+--------+--------+--------+--------+-----+--------+
         Total |    630 |    615 |     15 |     42 |    503 |   2 |  315.0 |
       Dungeon |    630 |    615 |     15 |     42 |    503 |   2 |  315.0 |
               +--------+--------+--------+--------+--------+-----+--------+

Top non-repeatable levels by time:
     D:1: 587 daAuts
     D:2: 43 daAuts
